 Dungeon Crawl Stone Soup version 0.30-a0-578-gdee14c521f (webtiles) character file.

Game seed: 1605762847646665409

5772 Newt the Firebug (level 10, -6/71 HPs)
             Began as a Demonspawn Gladiator on Dec 31, 2022.
             Was a Follower of Vehumet.
             Mangled by a freezing wraith (23 damage)
             ... led by a death knight
             ... on level 8 of the Dungeon.
             The game lasted 00:17:57 (10959 turns).

Newt the Firebug (Demonspawn Gladiator)            Turns: 10959, Time: 00:17:57

Health: -6/71      AC: 17    Str: 15      XL:     10   Next: 49%
Magic:  7/26       EV: 12    Int: 12 (14) God:    Vehumet [*.....]
Gold:   520        SH:  0    Dex: 14      Spells: 12/19 levels left

rFire   . . .      SeeInvis .    k - +9 staff of Wucad Mu {*channel}
rCold   . . .      Faith    .    (no shield)
rNeg    . . .      Spirit   .    u - quicksilver dragon scales
rPois   +          Reflect  .    r - +2 hat
rElec   .          Harm     .    (no cloak)
rCorr   .          Rampage  .    m - +1 pair of gloves
Will    +....                    (no boots)
Stlth   +                        z - amulet of magic regeneration
HPRegen 0.31/turn                w - ring of magical power
MPRegen 0.60/turn                s - ring of poison resistance

@: mighty, very slightly contaminated, slowed, very slow
A: icy blue scales 2, powered by pain 1, demonic magic 1, weakness stinger 2
a: Renounce Religion


You were on level 8 of the Dungeon.
You worshipped Vehumet.
Vehumet was aware of your devotion.
You visited 2 branches of the dungeon, and saw 10 of its levels.

You collected 520 gold pieces.

Inventory:

Hand Weapons
 a - a +0 rapier
 k - the +9 staff of Wucad Mu (weapon) {*channel}
   (You acquired it on level 2 of the Dungeon)

   It occasionally powers its wielder's spells, but with a chance of causing
   confusion or draining the wielder's intelligence.
   It becomes more likely to activate and less likely to backfire with increased
   Evocations skill.
Missiles
 e - a javelin
 v - 4 boomerangs of dispersal
 x - a throwing net
Armour
 b - a +0 leather armour
 c - a +0 helmet
 m - a +1 pair of gloves (worn)
 r - a +2 hat (worn)
 u - quicksilver dragon scales (worn)
 H - the +6 plate armour "Xifut" {rPois rF+ rN+ Int+4}
   (You took it off an orc on level 8 of the Dungeon)

   Int:       It affects your intelligence (+4).
   rF:        It protects you from fire.
   rPois:     It protects you from poison.
   rN:        It protects you from negative energy.
Jewellery
 s - a ring of poison resistance (right hand)
 w - a ring of magical power (left hand)
 z - an amulet of magic regeneration (around neck)
Wands
 t - a wand of charming (5)
 y - a wand of polymorph (9)
 I - a wand of flame (15)
Scrolls
 d - 2 scrolls of immolation
 f - a scroll of amnesia
 i - a scroll of fear {unknown}
 l - 2 scrolls of enchant armour
 n - 5 scrolls of teleportation
 o - 2 scrolls of magic mapping
 q - a scroll of fog {unknown}
 D - 2 scrolls of poison {unknown}
 E - a scroll of summoning {unknown}
 F - a scroll of brand weapon {unknown}
 J - a scroll of acquirement
 K - a scroll of identify
Potions
 g - a potion of mutation
 h - a potion of haste
 j - 2 potions of lignification
 p - 2 potions of curing
 A - a potion of cancellation
 B - a potion of heal wounds
 C - a potion of magic
 G - a potion of degeneration {unknown}


   Skills:
 - Level 4.0 Fighting
 - Level 2.6 Short Blades
 - Level 4.0 Staves
 - Level 1.7 Throwing
 - Level 4.0 Armour
 - Level 4.0 Dodging
 - Level 2.0 Stealth
 - Level 5.0 Spellcasting
 - Level 5.5 Conjurations
 - Level 4.0 Transmutations
 - Level 7.1 Fire Magic
 + Level 5.3 Evocations


You had 12 spell levels left.
You knew the following spells:

 Your Spells              Type           Power      Damage    Failure   Level
a - Wereblood             Tmut           12%        N/A       11%         2
b - Magic Dart            Conj           64%        1d6       3%          1
c - Sticky Flame          Conj/Fire      18%        2d4       26%         4

Your spell library contained the following spells:

 Spells                   Type           Power      Damage    Failure   Level
 Passwall                 Tmut/Erth      5%         N/A       24%         2
 Inner Flame              Hex/Fire       11%        N/A       26%         3
 Flame Wave               Conj/Fire      18%        2d7       26%         4
 Dazzling Flash           Conj/Hex       18%        N/A       34%         3
 Ensorcelled Hibernation  Hex/Ice        6%         N/A       50%         2
 Sublimation of Blood     Necr           3%         N/A       50%         2
 Gell's Gravitas          Tloc           3%         N/A       73%         3
 Portal Projectile        Hex/Tloc       6%         N/A       73%         3
 Swiftness                Air            3%         N/A       73%         3
 Teleport Other           Tloc           3%         N/A       73%         3
 Tukima's Dance           Hex            3%         N/A       73%         3
 Blade Hands              Tmut           6%         N/A       89%         5
 Cause Fear               Hex            1%         N/A       98%         4
 Agony                    Necr           3%         N/A       100%        5
 Silence                  Hex/Air        1%         N/A       100%        5
 Dispersal                Tloc           1%         N/A       100%        6
 Dragon Form              Tmut           6%         N/A       100%        7
 Summon Hydra             Summ           1%         N/A       100%        7
 Disjunction              Tloc           1%         N/A       100%        8
 Dragon's Call            Summ           1%         N/A       100%        9


Dungeon Overview and Level Annotations

Branches:
Dungeon (9/15)             Temple (1/1) D:7
   Lair: D:8-11         Orc: D:9-12

Altars:
Ashenzari
Cheibriados
Dithmenos
Fedhas
Gozag
Hepliaklqana
Kikubaaqudgha
Makhleb
Nemelex Xobeh
Okawaru
Qazlal
Ru
Sif Muna
Trog
Uskayaw
Vehumet
Wu Jian
Xom
Yredelemnul

Shops:
D:1 :   D:2 =

Portals:
Abyss: D:4

Annotations:
D:4 2 transporters, tangygnat's ghost, novice OpBr
D:7 1 runed translucent door


Innate Abilities, Weirdness & Mutations

You are mostly covered in icy blue scales. (AC +3)
You sometimes gain a little power by taking damage.
Spells you cast may paralyse adjacent enemies.
You have a tail ending in a sharp stinger.


Message History

Aiming: Sticky Flame (dangerous; 26% risk of failure)
Press: ? - help, Shift-Dir - straight line, f/p - freezing wraith
Aim: a freezing wraith (unstickable)
The sticky flame hits the freezing wraith but does no damage.
Malevolent energies surge around you. The freezing wraith closely misses you.
The freezing wraith barely misses you. The freezing wraith hits you.
The freezing wraith freezes you!
You focus on the pain.
You feel mightier all of a sudden. The freezing wraith barely misses you.
Aiming: Magic Dart (safe; 3% risk of failure)
Press: ? - help, Q - select action, (/) - cycle Shift-Dir - straight line, f/p - freezing wraith
Aim: a freezing wraith (100% to hit)
The magic dart hits the freezing wraith but does no damage.
Malevolent energies surge around you. The freezing wraith closely misses you.
The freezing wraith hits you but does no damage.
Aiming: Magic Dart (safe; 3% risk of failure)
Press: ? - help, Q - select action, (/) - cycle Shift-Dir - straight line, f/p - freezing wraith
Aim: a freezing wraith (100% to hit)
The magic dart hits the freezing wraith.
The freezing wraith is lightly damaged.
Malevolent energies surge around you.
The freezing wraith suddenly stops moving!
Magical energy flows into your mind!
The helpless freezing wraith fails to defend itself.
You sock the freezing wraith!
The freezing wraith is moderately damaged.
The freezing wraith is no longer paralysed.
The freezing wraith hits you but does no damage.
The freezing wraith hits you!
* * * LOW HITPOINT WARNING * * *
The freezing wraith drains your vigour!
You feel as though you will be slow longer.
You hit the freezing wraith.
The freezing wraith is moderately damaged.
The freezing wraith hits you but does no damage. x2
The freezing wraith hits you.
* * * LOW HITPOINT WARNING * * *
The freezing wraith freezes you!!
You die...

#......................≈.≈...≈.≈.
#.###.[)...#####.[.....≈.≈≈≈≈§.≈.
..# #......# #..(.....≈)......≈.
.## ##.##### #^..)(...≈≈≈≈≈≈≈≈≈.
.# #.# #.....)............ ## #.#
#................## ######.#
##.........####### ..(....#
#.#......## #####..# #@#####..##
#..#### #W# ##...####
#####....######.# #.......#
#...............####.......#
#.........#####.#..........#
#..........<...............#
#.........####.............#
#.........# #######.......#
#.........# #########


You could see a freezing wraith.

Vanquished Creatures
  3 trolls
  A hornet (D:7)
  A shadow (D:9)
  9 yaks
  A water moccasin (D:7)
  A black bear (D:3)
  3 orc warriors
  A sky beast (D:7)
  2 ice beasts (D:6)
  A centaur (D:9)
  4 kobold brigands
  2 necrophages
  5 bullfrogs
  12 scorpions
  3 killer bees (D:8)
  3 howler monkeys
  3 hounds
  4 orc priests
  2 gnoll boudas
  2 iguanas
  9 orc wizards
  6 adders
  15 gnolls
  4 shadow imps
  A white imp (D:6)
  2 ufetubi
  A worm (D:4)
  3 dart slugs
  24 orcs
  4 ball pythons
  5 bats
  12 endoplasms
  4 giant cockroaches
  5 goblins
  7 hobgoblins
  6 jackals
  23 kobolds
  A quokka (D:5)
  2 rats
197 creatures vanquished.

Vanquished Creatures (collateral kills)
  A scorpion (D:6)
1 creature vanquished.

Vanquished Creatures (others)
  A wyvern (D:6)
1 creature vanquished.

Grand Total: 199 creatures vanquished

Notes
Turn   | Place    | Note
-------+----------+-------------------------------------------
     0 | D:1      | Newt the Demonspawn Gladiator began the quest for the Orb.
     0 | D:1      | Reached XP level 1. HP: 16/16 MP: 1/1
   137 | D:1      | Found Pyotrear's Book Boutique.
   168 | D:1      | Reached skill level 1 in Stealth
   211 | D:1      | Gained mutation: You have a small tail. [demonic ancestry]
   211 | D:1      | Reached XP level 2. HP: 2/22 MP: 2/2
   783 | D:2      | Identified a scroll of acquirement
   783 | D:2      | Acquired the +9 staff of Wucad Mu {*channel}
   783 | D:2      | Found the +9 staff of Wucad Mu {*channel}
   973 | D:2      | Found Sananit's Jewellery Shoppe.
  1274 | D:2      | Gained mutation: Spells you cast may paralyse adjacent
                  | enemies. [demonic ancestry]
  1274 | D:2      | Reached XP level 3. HP: 25/28 MP: 3/3
  1703 | D:3      | Noticed a black bear
  1713 | D:3      | Killed a black bear
  1714 | D:3      | Reached XP level 4. HP: 33/37 MP: 3/7
  1714 | D:3      | Gained mutation: You are partially covered in icy blue
                  | scales. (AC +2) [demonic ancestry]
  1714 | D:3      | Reached XP level 5. HP: 38/42 MP: 3/8
  2425 | D:4      | Learned a level 2 spell: Wereblood
  2442 | D:4      | Gained mutation: You are mostly covered in icy blue scales.
                  | (AC +3) [demonic ancestry]
  2442 | D:4      | Reached XP level 6. HP: 40/48 MP: 11/11
  2540 | D:4      | Reached skill level 1 in Transmutations
  2665 | D:4      | HP: 1/48 [gnoll/+0 halberd[a gnoll bouda] (11)]
  3348 | D:4      | Found a snail-covered altar of Cheibriados.
  3375 | D:5      | Entered Level 5 of the Dungeon
  3679 | D:4      | Gained mutation: You sometimes gain a little power by
                  | taking damage. [demonic ancestry]
  3679 | D:4      | Reached XP level 7. HP: 54/54 MP: 9/12
  3713 | D:4      | Noticed tangygnat's ghost (novice OpBr)
  3714 | D:4      | Found a transporter.
  3816 | D:4      | Found a transporter.
  3817 | D:4      | Noticed a small abomination
  3827 | D:4      | Found a one-way gate to the infinite horrors of the Abyss.
  3906 | D:4      | Noticed a small abomination
  3978 | D:5      | Reached skill level 1 in Staves
  4470 | D:5      | Found an opulent altar of Gozag.
  4645 | D:5      | Found an iron altar of Okawaru.
  4957 | D:6      | Found a bloodstained altar of Trog.
  4987 | D:6      | Noticed a yak
  4987 | D:6      | Noticed a yak
  4987 | D:6      | Noticed a yak
  5230 | D:6      | Noticed a yak
  5256 | D:5      | Killed a yak
  5257 | D:5      | Gained mutation: You have a tail ending in a sharp stinger.
                  | [demonic ancestry]
  5257 | D:5      | Reached XP level 8. HP: 18/60 MP: 11/13
  5410 | D:6      | Reached skill level 1 in Armour
  5593 | D:6      | Reached skill level 1 in Evocations
  6592 | D:7      | Found a staircase to the Ecumenical Temple.
  6597 | D:7      | Reached XP level 9. HP: 65/65 MP: 15/15
  6625 | D:7      | Reached skill level 5 in Spellcasting
  6640 | Temple   | Entered the Ecumenical Temple
  6891 | Temple   | Became a worshipper of Vehumet
  6932 | D:7      | Reached skill level 1 in Fire Magic
  6932 | D:7      | Found a runed translucent door.
  6986 | D:7      | Found a runed translucent door.
  6998 | D:7      | Reached skill level 2 in Fire Magic
  7033 | D:6      | Reached skill level 3 in Fire Magic
  7262 | D:6      | Reached skill level 4 in Fire Magic
  7831 | D:7      | Noticed a troll
  7866 | D:7      | Reached skill level 5 in Fire Magic
  7894 | D:7      | Killed a troll
  7895 | D:7      | Reached skill level 6 in Fire Magic
  7997 | D:7      | Found an ornate altar of the Wu Jian Council.
  8143 | D:7      | Found a hide-covered altar of Uskayaw.
  8655 | D:8      | Reached skill level 7 in Fire Magic
  8707 | D:8      | Reached * piety under Vehumet
  8707 | D:8      | Offered knowledge of Magic Dart by Vehumet.
  8711 | D:8      | Learned a level 1 spell: Magic Dart
  8787 | D:8      | Identified the +6 plate armour "Xifut" {rPois rF+ rN+
                  | Int+4}
  8796 | D:8      | Reached XP level 10. HP: 71/71 MP: 17/17
  8826 | D:8      | Reached skill level 1 in Conjurations
  9007 | D:8      | Learned a level 4 spell: Sticky Flame
  9098 | D:8      | Found a shimmering blue altar of Sif Muna.
  9138 | D:8      | Found a sparkling altar of Nemelex Xobeh.
  9571 | D:9      | Reached skill level 5 in Conjurations
 10522 | D:9      | Got Gell's Lectures on Coordinates
 10571 | D:9      | Reached skill level 5 in Evocations
 10767 | D:9      | Noticed a death knight
 10959 | D:8      | Mangled by a freezing wraith

Illustrated notes

Levels and vault maps discovered:
D:1:      eino_arrival_cavern_e, layout_rooms, serial_shops, shop
D:2:      layout_basic, serial_shops, nicolae_square_shop, minivault_25,
          minmay_crystal_room
D:3:      layout_basic, lemuel_tele_altar
D:4:      layout_loops_ring, lemuel_doored_altar, gammafunk_ghost_abyssal_escape
D:5:      layout_gridville, mainiacjoe_overflow_swirl
D:6:      layout_basic, trog_three_pillars_becter, kennysheep_generic_room_4
D:7:      lemuel_insect_pit, layout_loops_ring, nzn_wu_jian_council_hall,
          eat_drink_and_be_merry_uskayaw, minmay_temple_entry_grid,
          corexii_item_surrounded_by_moat
D:8:      layout_rooms, mainiacjoe_overflow_concentric_impassable,
          mainiacjoe_overflow_alcove_1, serial_curves, eino_curves_01,
          eino_curves_03
D:9:      layout_stronghold
Temple:   compressed_dpeg_triangle_lava_temple

Skill      XL: |  1  2  3  4  5  6  7  8  9 10 |
---------------+-------------------------------+-----
Stealth        | 1 2 |  2.0
Fighting       | 4 |  4.0
Spellcasting   | 2 3 4 5 |  5.0
Transmutations | 3 4 |  4.0
Staves         | 4 |  4.0
Dodging        | 3 4 |  4.0
Armour         | 4 |  4.0
Evocations     | 4 5 |  5.3
Fire Magic     | 7 |  7.1
Conjurations   | 5 |  5.5
Short Blades   | |  2.6
Throwing       | |  1.7

Action                   |  1- 3 |  4- 6 |  7- 9 | 10-12 || total
-------------------------+-------+-------+-------+-------++-------
Melee: Rapier            |    45 |       |       |       ||    45
       Staff             |    44 |   107 |   375 |   123 ||   649
       Tailslap          |     3 |    14 |    51 |    29 ||    97
       Punch             |     3 |     1 |     7 |     1 ||    12
Throw: Javelin           |     1 |       |       |       ||     1
       Throwing net      |       |     3 |     1 |       ||     4
 Cast: Wereblood         |       |     1 |    32 |     6 ||    39
       Magic Dart        |       |       |       |    68 ||    68
       Sticky Flame      |       |       |       |     8 ||     8
Evoke: Wand              |       |       |     2 |       ||     2
  Use: Potion            |     3 |     2 |     4 |       ||     9
       Scroll            |     2 |       |     8 |     1 ||    11
 Stab: Sleeping          |     2 |       |       |       ||     2
       Invisible         |     1 |       |       |       ||     1
       Distracted        |       |     1 |       |       ||     1
       Paralysed         |       |       |    21 |    29 ||    50
Armor: Leather armour    |    24 |    60 |    16 |       ||   100
       Quicksilver drago |       |       |   209 |    87 ||   296
Dodge: Dodged            |    67 |    88 |   272 |    82 ||   509

Table legend: (Time is in decaauts)
 A = Elapsed time spent in this place.
 B = Non-inter-level travel time spent in this place.
 C = Inter-level travel time spent in this place.
 D = Time resting spent in this place.
 E = Time spent auto-exploring this place.
 F = Levels seen in this place.
 G = Mean time per level.
                   A        B        C        D        E       F      G
               +--------+--------+--------+--------+--------+-----+--------+
         Total |  10998 |  10640 |    358 |   3358 |   5226 |  10 | 1099.8 |
       Dungeon |  10736 |  10378 |    358 |   3358 |   5083 |   9 | 1192.9 |
        Temple |    261 |    261 |      0 |      0 |    143 |   1 |  261.0 |
               +--------+--------+--------+--------+--------+-----+--------+

Top non-repeatable levels by time:
     D:6: 2272 daAuts
     D:9: 1721 daAuts
     D:3: 1330 daAuts
     D:4: 1205 daAuts
     D:5: 1102 daAuts
     D:7: 1004 daAuts
     D:1: 784 daAuts
     D:2: 675 daAuts
     D:8: 640 daAuts
  Temple: 261 daAuts
